 Dungeon Sprint DCSS version 0.28-a0-1236-gb25a51b929 (webtiles) character file.

Game seed: 85138481070580997

21765 mhtbhm the Phalangite (level 12, -18/137 HPs)
             Began as a Minotaur Berserker on Dec 25, 2021.
             Was the Champion of Trog.
             Demolished by Agnes (21 damage)
             ... in the Dungeon (Sprint IX: "|||||||||||||||||||||||||||||").
             The game lasted 00:08:58 (2729 turns).

mhtbhm the Phalangite (Minotaur Berserker)          Turns: 2729, Time: 00:08:59

Health: -18/137    AC: 25    Str: 28    XL:     12   Next: 57%
Magic:  11/11      EV: 11    Int:  4    God:    Trog [******]
Gold:   876        SH:  0    Dex:  9    Spells: 11/11 levels left

rFire   + + .      SeeInvis .   a - +3 bardiche (flame)
rCold   + . .      Faith    .   (shield currently unavailable)
rNeg    . . .      Spirit   .   b - +2 plate armour {rF+}
rPois   .          Reflect  .   (helmet restricted)
rElec   .          Harm     .   s - +0 cloak
rCorr   .          Rampage  +   r - +1 pair of gloves
Will    .....      NoTele   +   u - +1 pair of boots {rampage}
Stlth   ..........              (no amulet)
HPRegen 0.32/turn               z - ring of protection from cold
MPRegen 0.12/turn               t - ring of protection from fire

@: no status effects
A: horns 2, retaliatory headbutt
a: Renounce Religion, Berserk, Trog's Hand, Brothers in Arms


You were in the Dungeon.
You worshipped Trog.
Trog was exalted by your worship.
You visited 1 branch You collected 1932 gold pieces.
You spent 1056 gold pieces at shops.

Inventory:

Hand Weapons
 a - a +3 bardiche of flaming (weapon)
Missiles
 k - 4 javelins (quivered)
Armour
 b - a +2 plate armour of fire resistance (worn)
 r - a +1 pair of gloves (worn)
 s - a +0 cloak (worn)
 u - a +1 pair of boots of rampaging (worn)
 A - the +2 pair of boots of Devotion {rCorr Int+5 Dex-3}
   (You found it in the Dungeon)

   Int:       It affects your intelligence (+5).
   Dex:       It affects your dexterity (-3).
   rCorr:     It protects you from acid and corrosion.
Jewellery
 t - a ring of protection from fire (right hand)
 x - a ring of ice
 y - a ring of flight
 z - a ring of protection from cold (left hand)
Wands
 j - a wand of acid (10)
Scrolls
 h - 5 scrolls of blinking
 l - 3 scrolls of identify
 n - 2 scrolls of enchant armour
 o - 2 scrolls of fog
 p - a scroll of fear
Potions
 c - 13 potions of curing
 d - 5 potions of heal wounds
 e - a potion of haste
 f - 4 potions of magic
 g - a potion of berserk rage
 i - a potion of invisibility
 q - a potion of lignification
 v - 2 potions of cancellation
 w - a potion of attraction
 B - 3 potions of mutation


   Skills:
 + Level 21.8 Fighting
 + Level 26.0 Polearms
 + Level 15.1 Armour
 + Level 10.3 Dodging
 + Level 2.6 Stealth


You had 11 spell levels left.
You didn't know any spells.
Your spell library was empty.

Dungeon Overview and Level Annotations

Branches:
Dungeon (1/1)

Altars:
Cheibriados
Dithmenos
Elyvilon
Fedhas
Gozag
Hepliaklqana
Kikubaaqudgha
Makhleb
Nemelex Xobeh
Okawaru
Qazlal
Ru
Sif Muna
Trog
Uskayaw
Vehumet
Wu Jian
Xom
Yredelemnul
Zin
The Shining One
Beogh
Jiyva
Lugonu

Shops:
D [[(!

Annotations:
D Agnes


Innate Abilities, Weirdness & Mutations

You have a pair of horns on your head.
You reflexively headbutt those who attack you in melee.


Message History

Agnes is lightly wounded.
Agnes hits you with a +2 lajatang of speed!! x2
You barely miss Agnes.
Agnes is lightly wounded.
Agnes hits you with a +2 lajatang of speed!
You closely miss Agnes. Your headbutt misses Agnes.
Agnes is lightly wounded.
Agnes misses you. You furiously retaliate!
You headbutt Agnes! Agnes hits you but does no damage.
You hit Agnes. You burn Agnes. Your headbutt misses Agnes.
Agnes is lightly wounded.
Agnes closely misses you.
Agnes hits you with a +2 lajatang of speed.
You hit Agnes. You burn Agnes.
Agnes is moderately wounded.
Agnes hits you with a +2 lajatang of speed.
Agnes says, "The ORB is mine by right."
Agnes hits you but does no damage.
You barely miss Agnes.
Agnes is moderately wounded.
Agnes misses you.
Agnes hits you with a +2 lajatang of speed!
You miss Agnes.
Agnes is moderately wounded.
Agnes barely misses you. You furiously retaliate!
You headbutt Agnes!
Agnes hits you with a +2 lajatang of speed!!
* * * LOW HITPOINT WARNING * * *
You slash Agnes! You burn Agnes. Your headbutt misses Agnes.
Agnes is heavily wounded.
Agnes hits you with a +2 lajatang of speed!!
* * * LOW HITPOINT WARNING * * *
Agnes hits you with a +2 lajatang of speed.
* * * LOW HITPOINT WARNING * * *
You slice Agnes!! You burn Agnes! Your headbutt misses Agnes.
Agnes is severely wounded.
Agnes barely misses you. You furiously retaliate!
You headbutt Agnes! You slash Agnes! You burn Agnes.
Agnes is almost dead.
Agnes hits you with a +2 lajatang of speed!!
You die...

♣♣♣♣♣♣▓▓▓▓▓▓▓▓▓▓▓▓▓▓▓▓▓▓
......i@...)............
▓▓▓▓▓▓▓▓▓▓▓▓▓▓▓▓▓▓▓▓▓▓▓▓▓▓▓▓▓▓▓▓▓
))).[=[.[))[..........))...[.....
▓▓▓▓▓▓▓▓▓▓▓▓▓▓▓▓▓▓▓▓▓▓▓▓▓▓▓▓▓▓▓▓▓
.............................)...
▓▓▓▓▓▓▓▓▓▓▓▓▓▓▓▓▓▓▓▓▓▓▓▓▓▓▓▓▓▓▓▓▓
)).....)))))..)....)')))..∩[∩.∩)∩
▓▓▓▓▓▓▓▓▓▓▓▓▓▓▓▓▓▓▓▓▓▓▓▓▓▓▓▓▓▓▓▓▓
.................................


You could see Agnes.

Vanquished Creatures
  Frances (D)
  2 fire dragons (D)
  A great orb of eyes (D)
  An ice dragon (D)
  A hydra (D)
  2 ogre magi (D)
  4 two-headed ogres (D)
  A tengu warrior (D)
  A centaur warrior (D)
  A deep troll shaman (D)
  Urug (D)
  2 orc high priests (D)
  2 lindwurms (D)
  3 orc knights (D)
  A deep elf pyromancer (D)
  2 ugly things (D)
  2 manticores (D)
  A cane toad (D)
  A rime drake (D)
  2 komodo dragons (D)
  A troll (D)
  A polar bear (D)
  2 tyrant leeches (D)
  A slime creature (D)
  2 blink frogs (D)
  2 shadows (D)
  4 yaks (D)
  2 basilisks (D)
  4 water moccasins (D)
  5 orc warriors (D)
  A black bear (D)
  A boggart (D)
  4 ogres (D)
  2 wolves (D)
  2 bullfrogs (D)
  A scorpion (D)
  A killer bee (D)
  2 hounds (D)
  7 orc priests (D)
  3 orc wizards (D)
  An ufetubus (D)
  4 worms (D)
  An adder simulacrum (D)
  6 orcs (D)
  A bat zombie (D)
  An endoplasm (D)
  A goblin (D)
  2 hobgoblins (D)
  A quokka (D)
  A bat simulacrum (D)
99 creatures vanquished.

Vanquished Creatures (collateral kills)
  An ogre mage (D)
  3 ogres (D)
4 creatures vanquished.

Grand Total: 103 creatures vanquished

Notes
Turn   | Place    | Note
-------+----------+-------------------------------------------
     0 | D        | mhtbhm the Minotaur Berserker began the quest for the Orb.
     0 | D        | Reached XP level 1. HP: 19/19 MP: 0/0
     8 | D        | Reached skill level 4 in Polearms
     9 | D        | Reached ** piety under Trog
   203 | D        | Noticed a hound
   203 | D        | Noticed a hound
   203 | D        | Noticed a scorpion
   208 | D        | Killed a hound
   209 | D        | Reached skill level 6 in Polearms
   209 | D        | Reached XP level 2. HP: 30/30 MP: 1/1
   209 | D        | Reached XP level 3. HP: 37/37 MP: 2/2
   209 | D        | Reached *** piety under Trog
   214 | D        | Reached skill level 7 in Polearms
   214 | D        | Reached XP level 4. HP: 47/47 MP: 3/3
   219 | D        | Killed a scorpion
   220 | D        | Reached skill level 8 in Polearms
   264 | D        | Found a snail-covered altar of Cheibriados.
   264 | D        | Found a shadowy altar of Dithmenos.
   264 | D        | Found a white marble altar of Elyvilon.
   264 | D        | Found a blossoming altar of Fedhas.
   264 | D        | Found an opulent altar of Gozag.
   265 | D        | Found a hazy altar of Hepliaklqana.
   266 | D        | Found a viscous altar of Jiyva.
   267 | D        | Found an ancient bone altar of Kikubaaqudgha.
   268 | D        | Found a corrupted altar of Lugonu.
   269 | D        | Found a burning altar of Makhleb.
   270 | D        | Found a sparkling altar of Nemelex Xobeh.
   271 | D        | Found an iron altar of Okawaru.
   272 | D        | Found a stormy altar of Qazlal.
   273 | D        | Found a sacrificial altar of Ru.
   274 | D        | Found a shimmering blue altar of Sif Muna.
   275 | D        | Found a bloodstained altar of Trog.
   276 | D        | Found a hide-covered altar of Uskayaw.
   277 | D        | Found a radiant altar of Vehumet.
   278 | D        | Found an ornate altar of the Wu Jian Council.
   279 | D        | Found a shimmering altar of Xom.
   280 | D        | Found a basalt altar of Yredelemnul.
   281 | D        | Found a glowing silver altar of Zin.
   282 | D        | Found a glowing golden altar of the Shining One.
   299 | D        | Got the +2 halberd of the Establishment {vorpal, rN+}
   473 | D        | Noticed a shadow
   473 | D        | Noticed a shadow
   473 | D        | Noticed a yak
   473 | D        | Noticed a yak
   476 | D        | Killed a shadow
   476 | D        | Reached **** piety under Trog
   477 | D        | Reached skill level 10 in Fighting
   477 | D        | Reached skill level 10 in Polearms
   477 | D        | Reached skill level 5 in Armour
   477 | D        | Reached skill level 5 in Dodging
   477 | D        | Reached XP level 5. HP: 58/58 MP: 4/4
   477 | D        | Reached XP level 6. HP: 66/66 MP: 5/5
   479 | D        | Killed a shadow
   480 | D        | Reached skill level 11 in Polearms
   481 | D        | Killed a yak
   482 | D        | Reached skill level 12 in Polearms
   482 | D        | Reached XP level 7. HP: 75/75 MP: 6/6
   484 | D        | Killed a yak
   530 | D        | Noticed a two-headed ogre
   530 | D        | Noticed a four-headed hydra
   530 | D        | Noticed a manticore
   530 | D        | Noticed a basilisk
   530 | D        | Noticed a troll
   530 | D        | Noticed a purple ugly thing
   538 | D        | Killed a two-headed ogre
   538 | D        | Reached ***** piety under Trog
   539 | D        | Reached skill level 14 in Polearms
   539 | D        | Reached XP level 8. HP: 73/88 MP: 7/7
   545 | D        | Killed a nine-headed hydra
   546 | D        | Reached skill level 15 in Polearms
   546 | D        | Reached XP level 9. HP: 36/96 MP: 8/8
   821 | D        | Killed a manticore
   822 | D        | Reached skill level 15 in Fighting
   824 | D        | Reached skill level 16 in Polearms
   826 | D        | Killed a troll
   829 | D        | Killed a purple ugly thing
   829 | D        | Received a gift from Trog
   830 | D        | Reached skill level 10 in Armour
   830 | D        | Reached skill level 1 in Stealth
  1000 | D        | Reached skill level 17 in Polearms
  1003 | D        | Noticed a cane toad
  1016 | D        | Received a gift from Trog
  1018 | D        | Killed a cane toad
  1019 | D        | Reached XP level 10. HP: 108/108 MP: 9/9
  1154 | D        | Reached skill level 18 in Polearms
  1164 | D        | Reached ****** piety under Trog
  1168 | D        | Received a gift from Trog
  1228 | D        | Noticed a lindwurm
  1232 | D        | Reached skill level 19 in Polearms
  1233 | D        | Noticed a lindwurm
  1238 | D        | Killed a lindwurm
  1241 | D        | Received a gift from Trog
  1244 | D        | Killed a lindwurm
  1450 | D        | Reached skill level 20 in Polearms
  1452 | D        | Received a gift from Trog
  1463 | D        | Received a gift from Trog
  1567 | D        | Noticed an orc knight
  1567 | D        | Noticed an orc high priest
  1571 | D        | Killed an orc knight
  1572 | D        | Reached XP level 11. HP: 121/121 MP: 10/10
  1574 | D        | Received a gift from Trog
  1577 | D        | Noticed an orc high priest
  1578 | D        | Killed an orc high priest
  1579 | D        | Noticed an orc knight
  1582 | D        | Reached skill level 10 in Dodging
  1584 | D        | Noticed an orc knight
  1588 | D        | Killed an orc high priest
  1589 | D        | Reached skill level 21 in Polearms
  1594 | D        | Killed an orc knight
  1597 | D        | Killed an orc knight
  1597 | D        | Received a gift from Trog
  1813 | D        | Found Cyij's Antique Armour Emporium.
  1813 | D        | Noticed an ogre mage
  1813 | D        | Noticed a two-headed ogre
  1815 | D        | Paralysed by an ogre mage for 6 turns
  1824 | D        | Noticed an ogre mage
  1825 | D        | Killed an ogre mage
  1826 | D        | Reached skill level 22 in Polearms
  1826 | D        | Killed a two-headed ogre
  1828 | D        | Found Gyju Vue's Armour Shoppe.
  1831 | D        | Received a gift from Trog
  1835 | D        | Killed an ogre mage
  1852 | D        | Noticed an ogre mage
  1861 | D        | Killed an ogre mage
  1862 | D        | Reached skill level 23 in Polearms
  2037 | D        | Found Ysiar's Weapon Emporium.
  2041 | D        | Found Kirche's Distillery.
  2044 | D        | Bought a pair of scorched gloves for 209 gold pieces
  2044 | D        | Identified the -4 pair of gloves of Failure {rC+ rN+
                  | Stlth+} (You bought it in a shop in the Dungeon)
  2044 | D        | Bought a pair of glowing boots for 165 gold pieces
  2045 | D        | Noticed a two-headed ogre
  2046 | D        | Noticed a two-headed ogre
  2049 | D        | Killed a two-headed ogre
  2052 | D        | Killed a two-headed ogre
  2056 | D        | Received a gift from Trog
  2064 | D        | Bought a potion of curing for 33 gold pieces
  2064 | D        | Bought 2 potions of cancellation for 176 gold pieces
  2064 | D        | Bought a potion of attraction for 33 gold pieces
  2082 | D        | Bought a +2 plate armour of fire resistance for 440 gold
                  | pieces
  2131 | D        | Noticed Urug
  2139 | D        | Killed Urug
  2302 | D        | Found the +4 robe of Folly {Brilliance Will-∞ Int+8}
  2313 | D        | Got the +2 pair of boots of Devotion {rCorr Int+5 Dex-3}
  2384 | D        | Noticed a deep elf pyromancer
  2388 | D        | Killed a deep elf pyromancer
  2389 | D        | Reached skill level 24 in Polearms
  2389 | D        | Reached XP level 12. HP: 134/134 MP: 11/11
  2393 | D        | Noticed a centaur warrior
  2395 | D        | Received a gift from Trog
  2396 | D        | Noticed an ice dragon
  2396 | D        | Noticed a great orb of eyes
  2397 | D        | Noticed a fire dragon
  2400 | D        | Killed a centaur warrior
  2401 | D        | Noticed a fire dragon
  2408 | D        | Killed an ice dragon
  2410 | D        | Killed a great orb of eyes
  2418 | D        | Killed a fire dragon
  2419 | D        | Reached skill level 25 in Polearms
  2424 | D        | Noticed a tengu warrior
  2427 | D        | Noticed a deep troll shaman
  2427 | D        | Killed a fire dragon
  2452 | D        | Killed a tengu warrior
  2454 | D        | Killed a deep troll shaman
  2454 | D        | Received a gift from Trog
  2708 | D        | Noticed Frances
  2715 | D        | Killed Frances
  2716 | D        | Reached skill level 26 in Polearms
  2716 | D        | Reached skill level 15 in Armour
  2718 | D        | Noticed Agnes
  2727 | D        | HP: 6/137 [Agnes (20)]
  2729 | D        | Demolished by Agnes

Illustrated notes

Levels and vault maps discovered:
D:        linesprint [early_d, line_temple, items_1, d_10, items_2, lair_1,
          lair_end, items_3, orc_1, orc_end, items_4, d_15, swamp_1, shoals_1,
          snake_1, spider_1, d_20, vaults_1, items_5, swamp_end, shoals_end,
          snake_end, spider_end, vaults_end, d_27, items_6, zot_1, zot_end,
          crypt_end, forest_end, elf_end, slime_end, tomb_end, abyss_end,
          pan_hell_end]

Skill      XL: |  1  2  3  4  5  6  7  8  9 10 11 12 |
---------------+-------------------------------------+-----
Fighting       | 6 7 10 11 13 14 16 18 20 21 | 21.8
Polearms       | 6 7 10 12 14 15 17 20 24 26 | 26.0
Armour         | 3 5 6 7 8 10 12 13 15 | 15.1
Dodging        | 3 5 6 7 8 9 10 | 10.3
Stealth        | 1 2 |  2.6

Action                   |  1- 3 |  4- 6 |  7- 9 | 10-12 || total
-------------------------+-------+-------+-------+-------++-------
Melee: Spear             |    20 |     6 |       |       ||    26
       Headbutt          |     3 |     2 |     8 |    22 ||    35
       Halberd           |       |     7 |    57 |     6 ||    70
       Bardiche          |       |       |       |   171 ||   171
Invok: Berserk           |     2 |     1 |     3 |     6 ||    12
       Brothers in Arms  |       |       |       |     1 ||     1
Armor: Animal skin       |     1 |       |       |       ||     1
       Chain mail        |       |     3 |    15 |    18 ||    36
       Plate armour      |       |       |       |    38 ||    38
Dodge: Dodged            |     5 |     2 |    22 |    40 ||    69

Table legend: (Time is in decaauts)
 A = Elapsed time spent in this place.
 B = Non-inter-level travel time spent in this place.
 C = Inter-level travel time spent in this place.
 D = Time resting spent in this place.
 E = Time spent auto-exploring this place.
 F = Levels seen in this place.
 G = Mean time per level.
                   A        B        C        D        E       F      G
               +--------+--------+--------+--------+--------+-----+--------+
         Total |   2752 |   2752 |      0 |   1610 |    198 |   1 | 2752.0 |
       Dungeon |   2752 |   2752 |      0 |   1610 |    198 |   1 | 2752.0 |
               +--------+--------+--------+--------+--------+-----+--------+

Top non-repeatable levels by time:
       D: 2752 daAuts
